 Dungeon Crawl Stone Soup version 0.30-a0-622-gddc90eaa04 (webtiles) character file.

Game seed: 6520400919160934892

5 Leeroy the Sneak (level 1, -1/10 HPs)
             Began as a Kobold Enchanter on Jan 10, 2023.
             Frozen to death by an endoplasm (3 damage)
             ... on level 1 of the Dungeon.
             The game lasted 00:00:33 (306 turns).

Leeroy the Sneak (Kobold Enchanter)                  Turns: 306, Time: 00:00:33

Health: -1/10      AC:  2    Str:  5    XL:     1   Next: 88%
Magic:  3/3        EV: 15    Int: 16    God:
Gold:   36         SH:  0    Dex: 15    Spells: 4/4 levels left

rFire   . . .      SeeInvis .    a - +1 dagger
rCold   . . .      Faith    .    (no shield)
rNeg    . . .      Spirit   .    b - +0 robe
rPois   .          Reflect  .    (no helmet)
rElec   .          Harm     .    (no cloak)
rCorr   .          Rampage  .    (no gloves)
Will    .....                    (no boots)
Stlth   ++++                     (no amulet)
HPRegen 0.21/turn                (no ring)
MPRegen 0.08/turn                (no ring)

@: no status effects
A: small, no large weapons, nightstalker 3
a: no special abilities


You were on level 1 of the Dungeon.
You visited 1 branch of the dungeon, and saw 1 of its levels.

You collected 36 gold pieces.

Inventory:

Hand Weapons
 a - a +1 dagger (weapon)
Armour
 b - a +0 robe (worn)
Scrolls
 e - a scroll of vulnerability {unknown}
Potions
 c - 2 potions of invisibility
 d - a potion of degeneration {unknown}


   Skills:
 - Level 1.3 Short Blades
 - Level 2.4 Dodging
 + Level 4.3 Stealth
 - Level 2.1 Spellcasting
 + Level 3.2 Hexes


You had 4 spell levels left.
You didn't know any spells.
Your spell library contained the following spells:

 Spells                   Type           Power      Damage    Failure   Level
 Ensorcelled Hibernation  Hex/Ice        12%        N/A       16%         2
 Confusing Touch          Hex            12%        N/A       16%         3
 Tukima's Dance           Hex            12%        N/A       16%         3
 Kiss of Death            Conj/Necr      4%         2d5       21%         1
 Dazzling Flash           Conj/Hex       12%        N/A       32%         3
 Dispel Undead            Necr           1%         3d6       90%         4


Dungeon Overview and Level Annotations

Branches:
Dungeon (1/15)

Altars:


Innate Abilities, Weirdness & Mutations

You are small and have problems with some larger weapons.
You are completely attuned to the shadows.


Message History

There is an open door here.
You hit the rat.
You kill the rat!
No target in view!
No target in view!
No target in view!
No target in view!
You now have 36 gold pieces (gained 4).
A kobold comes into view. It is wielding a +0 short sword.
Found a sling.
A kobold is nearby!
A kobold is nearby!
A dart slug comes into view.
The helpless kobold fails to defend itself.
You puncture the kobold!
You kill the kobold!
No target in view!
No target in view!
No target in view!
No target in view!
No target in view!
A dart slug, a rat and an endoplasm come into view.
The rat closely misses you.
You hit the rat.
You kill the rat!
The dart slug launches a dart at you. The slug dart hits you.
The endoplasm quivers.
You hit the endoplasm.
The endoplasm is lightly wounded.
The endoplasm barely misses you.
You hit the endoplasm.
The endoplasm is severely wounded.
The dart slug launches a dart at you. The slug dart hits you.
Ouch! That really hurt!
* * * LOW HITPOINT WARNING * * *
The endoplasm freezes you.
You are frozen.
You die...

####.. #..... #.....
##########.....
#).............
#..............
######..............
#..†..).............
#..@.......####....#
#.J........# ##.###
#....w.....# ..
#..........#
#.......


You could see a dart slug and an endoplasm.

Vanquished Creatures
  An endoplasm (D:1)
  A giant cockroach (D:1)
  A kobold (D:1)
  3 rats (D:1)
6 creatures vanquished.

Notes
Turn   | Place    | Note
-------+----------+-------------------------------------------
     0 | D:1      | Leeroy the Kobold Enchanter began the quest for the Orb.
     0 | D:1      | Reached XP level 1. HP: 10/10 MP: 3/3
   306 | D:1      | Frozen to death by an endoplasm

Illustrated notes

Levels and vault maps discovered:
D:1:      lightli_arrival_lavapool, layout_basic,
          hellmonk_ecumenical_altar_slurped_away,
          amcnicky_mini_rare_corridor_liquid

Action                   || total
-------------------------++-------
Melee: Dagger            ||    15
 Stab: Sleeping          ||     2
Dodge: Dodged            ||     6

Table legend: (Time is in decaauts)
 A = Elapsed time spent in this place.
 B = Non-inter-level travel time spent in this place.
 C = Inter-level travel time spent in this place.
 D = Time resting spent in this place.
 E = Time spent auto-exploring this place.
 F = Levels seen in this place.
 G = Mean time per level.
                   A        B        C        D        E       F      G
               +--------+--------+--------+--------+--------+-----+--------+
         Total |    305 |    305 |      0 |      0 |    264 |   1 |  305.0 |
       Dungeon |    305 |    305 |      0 |      0 |    264 |   1 |  305.0 |
               +--------+--------+--------+--------+--------+-----+--------+

Top non-repeatable levels by time:
     D:1: 305 daAuts
